 Dungeon Crawl Stone Soup version 0.30-a0-715-gdb4ae3ece1 (webtiles) character file.

Game seed: 17582566494771100701

109 rogsnak the Digger (level 4, -4/31 HPs)
             Began as a Barachi Earth Elementalist on Jan 24, 2023.
             Slain by a gnoll
             ... wielding a +0 halberd
              (12 damage)
             ... on level 3 of the Dungeon.
             The game lasted 00:04:15 (1790 turns).

rogsnak the Digger (Barachi Earth Elementalist)     Turns: 1790, Time: 00:04:15

Health: -4/31      AC:  5    Str:  9    XL:     4   Next: 89%
Magic:  3/9        EV: 12    Int: 18    God:
Gold:   116        SH:  0    Dex: 12    Spells: 9/10 levels left

rFire   . . .      SeeInvis .    o - +0 quarterstaff
rCold   . . .      Faith    .    (shield currently unavailable)
rNeg    . . .      Spirit   .    a - +0 robe
rPois   .          Reflect  .    k - +2 helmet
rElec   .          Harm     .    (no cloak)
rCorr   .          Rampage  .    (no gloves)
Will    .....                    (no boots)
Stlth   ++                       (no amulet)
HPRegen 0.25/turn                (no ring)
MPRegen 0.11/turn                (no ring)

@: lethally poisoned (-4 -> -11), slow
A: amphibious, slowness 1, strong legs 1, +LOS
a: Hop


You were on level 3 of the Dungeon.
You visited 1 branch of the dungeon, and saw 3 of its levels.

You collected 116 gold pieces.

Inventory:

Hand Weapons
 c - a +0 hand axe
 n - a +0 long sword
 o - a +0 quarterstaff (weapon)
Missiles
 m - 3 curare-tipped darts
Armour
 a - a +0 robe (worn)
 g - a +0 pair of gloves
 k - a +2 helmet (worn)
Magical Staves
 e - a staff of cold
Scrolls
 f - a scroll of teleportation {unknown}
 i - 2 scrolls of identify {unknown}
Potions
 b - a potion of magic
 d - a potion of flight {unknown}
 h - a potion of curing {unknown}
 j - a potion of resistance {unknown}
 l - a potion of brilliance {unknown}


   Skills:
 + Level 0.5 Fighting
 + Level 3.0 Dodging
 - Level 2.0 Stealth
 + Level 3.5 Spellcasting
 + Level 1.3 Transmutations
 + Level 3.8 Earth Magic


You had 9 spell levels left.
You knew the following spells:

 Your Spells              Type           Power      Damage    Failure   Level
a - Sandblast             Erth           34%        2d9       3%          1

Your spell library contained the following spells:

 Spells                   Type           Power      Damage    Failure   Level
 Passwall                 Tmut/Erth      10%        N/A       8%          2
 Stone Arrow              Conj/Erth      20%        3d8       22%         3
 Petrify                  Tmut/Erth      12%        N/A       45%         4


Dungeon Overview and Level Annotations

Branches:
Dungeon (3/15)

Altars:
The Shining One


Innate Abilities, Weirdness & Mutations

You are amphibious.
You cover ground slowly.
You can hop short distances.
You have an extended range of vision and can be seen from far away.


Message History

The gnoll closely misses you.
Casting: Sandblast (safe; 3% risk of failure)
Confirm with . or Enter, or press ? or * to list all spells.
Aiming: Sandblast (safe; 3% risk of failure)
Press: ? - help, Shift-Dir - straight line, f/p - gnoll
Aim: a gnoll, wielding a +0 halberd (84% to hit)
The blast of sand hits the gnoll.
You kill the gnoll!
The gnoll hits you from afar with a +0 halberd!
The scorpion closely misses you. The gnoll barely misses you.
Casting: Sandblast (safe; 3% risk of failure)
Confirm with . or Enter, or press ? or * to list all spells.
Aiming: Sandblast (safe; 3% risk of failure)
Press: ? - help, Shift-Dir - straight line, f/p - gnoll
Aim: a gnoll, wielding a +0 halberd (84% to hit)
The blast of sand hits the scorpion but does no damage.
The scorpion barely misses you. The gnoll closely misses you.
The scorpion stings you but does no damage.
Unknown command.
You hit the scorpion.
The scorpion is moderately wounded.
The gnoll hits you from afar with a +0 halberd.
The scorpion stings you but does no damage.
The gnoll closely misses you.
You barely miss the scorpion.
The scorpion is moderately wounded.
The scorpion closely misses you. The gnoll barely misses you.
The scorpion stings you but does no damage.
You hit the scorpion.
The scorpion is moderately wounded.
The scorpion stings you.
You are poisoned.
The scorpion poisons you! The gnoll barely misses you.
You closely miss the scorpion.
The scorpion is moderately wounded.
* * * LOW HITPOINT WARNING * * *
You feel very sick.
The scorpion stings you but does no damage.
The gnoll hits you from afar with a +0 halberd!
You die...

###... ###.... #.....
#...) #...##########
#...##.......#
#.gg##.#####.#
##s###.# #.#
##.@..#######<#####.
###....#####..........
#......# #.......#####
##.....## #..........#
#......# #..........#
#.....## ###.###....#
##..### ###.###....##
##...# #............
#...## #############


You could see a scorpion and 2 gnolls.

Vanquished Creatures
  Robin (D:1)
  2 gnolls (D:3)
  An adder (D:2)
  A dart slug (D:2)
  An orc (D:3)
  3 endoplasms
  A giant cockroach (D:1)
  14 goblins
  9 hobgoblins
  6 jackals (D:1)
  3 kobolds
  A quokka (D:1)
  3 ball pythons
  7 bats
  A frilled lizard (D:2)
  A rat (D:1)
55 creatures vanquished.

Notes
Turn   | Place    | Note
-------+----------+-------------------------------------------
     0 | D:1      | rogsnak the Barachi Earth Elementalist began the quest for
                  | the Orb.
     0 | D:1      | Reached XP level 1. HP: 13/13 MP: 3/3
   279 | D:1      | Reached XP level 2. HP: 19/19 MP: 3/5
   495 | D:1      | Reached XP level 3. HP: 4/24 MP: 0/6
   995 | D:2      | Noticed Robin
  1032 | D:1      | Killed Robin
  1121 | D:2      | Reached XP level 4. HP: 31/31 MP: 3/8
  1243 | D:2      | Found a faded altar of an unknown god.
  1755 | D:3      | Found a glowing golden altar of the Shining One.
  1777 | D:3      | Noticed a scorpion
  1790 | D:3      | Slain by a gnoll

Illustrated notes

Levels and vault maps discovered:
D:1:      dpeg_arrival_three_smaller_balls, layout_basic, serial_bayou_pond_e
D:2:      layout_rooms, nicolae_ecumenical_snake_handling, uniq_robin
D:3:      layout_basic, nicolae_tso_carved_into_rock

Skill      XL: |  1  2  3  4 |
---------------+-------------+-----
Stealth        | 2 |  2.0
Dodging        | 3 |  3.0
Spellcasting   | 3 |  3.5
Fighting       | |  0.5
Transmutations | |  1.3
Earth Magic    | |  3.8

Action                     |  1- 3 |  4- 6 || total
---------------------------+-------+-------++-------
  Melee: Hand axe          |     7 |       ||     7
         Staff             |    42 |     3 ||    45
         Quarterstaff      |       |     4 ||     4
   Cast: Sandblast         |    51 |    27 ||    78
 Armour: Robe              |    19 |     7 ||    26
  Dodge: Dodged            |    58 |    16 ||    74

Table legend: (Time is in decaauts)
 A = Elapsed time spent in this place.
 B = Non-inter-level travel time spent in this place.
 C = Inter-level travel time spent in this place.
 D = Time resting spent in this place.
 E = Time spent auto-exploring this place.
 F = Levels seen in this place.
 G = Mean time per level.
                   A        B        C        D        E       F      G
               +--------+--------+--------+--------+--------+-----+--------+
         Total |   2051 |   1995 |     56 |    242 |   1218 |   3 |  683.7 |
       Dungeon |   2051 |   1995 |     56 |    242 |   1218 |   3 |  683.7 |
               +--------+--------+--------+--------+--------+-----+--------+

Top non-repeatable levels by time:
     D:1: 1149 daAuts
     D:2: 741 daAuts
     D:3: 160 daAuts
